 Dungeon Crawl Stone Soup version 0.31-a0-799-g6bc09d010c (webtiles) character file.

Game seed: 14811296557442839217

88 Bravepunisher the Ducker (level 4, -1/25 HPs)
             Began as a Spriggan Monk on Sept 19, 2023.
             Was a Believer of Makhleb.
             Slain by a jelly (2 damage)
             ... on level 5 of the Dungeon.
             The game lasted 00:03:35 (621 turns).

Bravepunisher the Ducker (Spriggan Monk)             Turns: 621, Time: 00:03:36

Health: -1/25      AC: -2    Str:  7    XL:     4   Next: 29%
Magic:  5/5        EV: 20    Int: 11    God:    Makhleb [**....]
Gold:   65         SH:  0    Dex: 19    Spells: 3/3 levels left

rFire   . . .        a - +0 short sword
rCold   . . .        d - orb {light}
rNeg    . . .        b - +0 robe
rPois   .            (helmet restricted)
rElec   .            (no cloak)
rCorr   .            (gloves unavailable)
SInv    +            (boots unavailable)
Will    .....        (no amulet)
Stlth   +            (no ring)
HPRegen 0.24/turn    (no ring)
MPRegen 0.09/turn

%: no passive effects
@: about to teleport, corroded, glowing, very quick
A: very small, no large weapons, unfitting armour, see invisible, speed 3
a: Renounce Religion, Minor Destruction


You were on level 5 of the Dungeon.
You worshipped Makhleb.
Makhleb was pleased with you.
You visited 2 branches of the dungeon, and saw 7 of its levels.

You collected 65 gold pieces.

Inventory:

Hand Weapons
 a - a +0 short sword (weapon)
Armour
 b - a +0 robe (worn)
 d - an orb of light (worn)
Scrolls
 e - a scroll of identify
Potions
 c - 2 potions of ambrosia


   Skills:
 + Level 3.7 Fighting
 - Level 3.2 Short Blades
 + Level 5.1 Dodging
 * Level 0.0 Invocations


You had 3 spell levels left.
You didn't know any spells.
Your spell library was empty.

Dungeon Overview and Level Annotations

Branches:
Dungeon (6/15)             Temple (1/1) D:5

Altars:
Cheibriados
Elyvilon
Fedhas
Gozag
Hepliaklqana
Kikubaaqudgha
Makhleb
Nemelex Xobeh
Ru
Sif Muna
Trog
Uskayaw
Vehumet
Wu Jian
Xom
Yredelemnul
Zin
The Shining One

Shops:
D:2 !

Annotations:
D:4 3 runed translucent doors, Blork the orc; cforsyth's ghost, weakling DjDe
D:5 Grinder


Innate Abilities, Weirdness & Mutations

You are very small and have problems with some larger weapons.
You are too small for most types of armour.
You have supernaturally acute eyesight. (SInv)
You cover ground extremely quickly. (Speed+++)


Message History

* * * LOW HITPOINT WARNING * * *
Unknown command.
* * * LOW HITPOINT WARNING * * *
You feel sick. The scorpion attacks as it pursues you!
The scorpion barely misses you.
* * * LOW HITPOINT WARNING * * *
You feel sick.
* * * LOW HITPOINT WARNING * * *
You feel sick.
Grinder blinks!
You feel sick. Grinder attacks as she pursues you! Grinder closely misses you.
The scorpion stings you.
You feel sick.
You hit the scorpion.
The scorpion is lightly wounded.
You feel sick. The scorpion misses you.
You feel sick. The scorpion attacks as it pursues you!
The scorpion barely misses you.
You're too confused to move!
You feel less invigorated.
You feel less confused.
You feel sick. The scorpion completely misses you.
You feel sick. The scorpion attacks as it pursues you! The scorpion misses you.
You feel sick.
You are no longer poisoned.
Grinder gestures at you. Pain shoots through your body!
Grinder blinks!
Grinder barely misses you. Grinder gestures at you.
You struggle to resist.
The jelly quivers.
As you read the scroll labelled EBUFEPOMEOF, it crumbles to dust.
You feel strangely unstable.
It was a scroll of teleportation.
The jelly hits you. The acid corrodes you!
You are splashed with acid!
* * * LOW HITPOINT WARNING * * *
Unknown command.
You hit the jelly.
Your hands burn!
* * * LOW HITPOINT WARNING * * *
The jelly is moderately wounded.
The jelly hits you.
You die...

########.##### ......
.............. .....
#####....#.##### ....
#..........##### #### ...
#............... ....## ..
#.........####.# #...#.
#.........# #.#
####..########.........####
#
#......s.5..@J.........(..#
#
#.####.##################.#
# #....#### # #
####5...###########
#..............#
#..............#
####..............#
#.................#
#.................#


You could see Grinder, a scorpion and a jelly.

Vanquished Creatures
  An ogre (D:4)
  A giant cockroach (D:4)
  3 hobgoblins
  2 kobolds
  A frilled lizard (D:1)
  A rat (D:2)
9 creatures vanquished.

Notes
Turn   | Place    | Note
-------+----------+-------------------------------------------
     0 | D:1      | Bravepunisher the Spriggan Monk began the quest for the
                  | Orb.
     0 | D:1      | Reached XP level 1. HP: 11/11 MP: 2/2
   321 | D:2      | Found Pethroh's Distillery.
   334 | D:3      | Found a sacrificial altar of Ru.
   334 | D:3      | Found a white marble altar of Elyvilon.
   338 | D:3      | Found a shimmering blue altar of Sif Muna.
   341 | D:3      | Noticed an ogre
   347 | D:4      | Noticed an ogre
   351 | D:4      | Noticed cforsyth's ghost (weakling DjDe)
   356 | D:4      | Found a runed translucent gate.
   356 | D:4      | Found a runed translucent gate.
   358 | D:4      | Found a runed translucent gate.
   366 | D:4      | Found a hide-covered altar of Uskayaw.
   368 | D:4      | Found an ancient bone altar of Kikubaaqudgha.
   370 | D:4      | Noticed a sleepcap
   381 | D:4      | Noticed an iguana
   409 | D:4      | Killed an ogre
   410 | D:4      | Reached skill level 5 in Dodging
   410 | D:4      | Reached XP level 2. HP: 17/17 MP: 3/3
   410 | D:4      | Reached XP level 3. HP: 21/21 MP: 4/4
   410 | D:4      | Reached XP level 4. HP: 25/25 MP: 5/5
   442 | D:4      | Noticed Blork the orc
   451 | D:5      | Entered Level 5 of the Dungeon
   471 | D:6      | Noticed a sky beast
   547 | D:5      | Noticed a scorpion
   550 | D:5      | Found a staircase to the Ecumenical Temple.
   556 | Temple   | Entered the Ecumenical Temple
   569 | Temple   | Became a worshipper of Makhleb the Destroyer
   569 | Temple   | Reached * piety under Makhleb
   569 | Temple   | Reached ** piety under Makhleb
   586 | D:5      | Noticed Grinder
   586 | D:5      | Paralysed by Grinder for 3 turns
   621 | D:5      | HP: 1/25 [acid (5)]
   621 | D:5      | Slain by a jelly

Illustrated notes

Levels and vault maps discovered:
D:1:      scummos_arrival_simple_crosswalls, layout_rooms
D:2:      layout_loops_corners, serial_shops, nicolae_shop_just_a_little_nook,
          shop, nicolae_shop_tiny_glass, shop, minmay_tromino_v4_b
D:3:      layout_basic, nicolae_overflow_macrodata_refinement
D:4:      layout_basic, marbit_many_paths, mainiacjoe_overflow_catwalk_spiral,
          gammafunk_ghost_split, kennysheep_small_spiral, goddamned_bats,
          uniq_ijyb, uniq_crazy_yiuf_cottage, uniq_blork_the_orc
D:5:      layout_basic, minmay_temple_entry_glass, uniq_grinder,
          uniq_prince_ribbit1, uniq_pikel
D:6:      layout_loops_cross, nicolae_overflow_crystal_walls, enter_ossuary_2,
          cheibrodos_sewer_entry_sluice, uniq_edmund
Temple:   nicolae_temple_bog_church

Skill      XL: |  1 |
---------------+----+-----
Fighting       | 3 |  3.7
Dodging        | 5 |  5.1
Short Blades   | |  3.2

Action                     |  1- 3 |  4- 6 || total
---------------------------+-------+-------++-------
  Melee: Short sword       |    39 |    10 ||    49
    Use: Scroll            |     1 |     1 ||     2
         Potion            |       |     1 ||     1
 Armour: Robe              |    10 |     7 ||    17
  Dodge: Dodged            |    22 |    16 ||    38

Table legend: (Time is in decaauts)
 A = Elapsed time spent in this place.
 B = Non-inter-level travel time spent in this place.
 C = Inter-level travel time spent in this place.
 D = Time resting spent in this place.
 E = Time spent auto-exploring this place.
 F = Levels seen in this place.
 G = Mean time per level.
                   A        B        C        D        E       F      G
               +--------+--------+--------+--------+--------+-----+--------+
         Total |    428 |    422 |      6 |      0 |    130 |   7 |   61.1 |
       Dungeon |    412 |    412 |      0 |      0 |    130 |   6 |   68.7 |
        Temple |     15 |      9 |      6 |      0 |      0 |   1 |   15.0 |
               +--------+--------+--------+--------+--------+-----+--------+

Top non-repeatable levels by time:
     D:1: 134 daAuts
     D:2: 102 daAuts
     D:5: 93 daAuts
     D:4: 71 daAuts
  Temple: 15 daAuts
     D:3: 8 daAuts
     D:6: 1 daAuts
